 Dungeon Crawl Stone Soup version 0.25-a0-429-g4e4398398a (webtiles) character file.

Game seed: 8795661636533559825, levelgen mode: deterministic

6900 hittemvvvvhard the Archer (level 10, -3/88 HPs)
             Began as a Centaur Warper on Jan 25, 2020.
             Was a Priest of Okawaru.
             Slain by a black bear (7 damage)
             ... on level 10 of the Dungeon on Jan 26, 2020.
             The game lasted 00:43:59 (19170 turns).

hittemvvvvhard the Archer (Centaur Warper)         Turns: 19170, Time: 00:44:00

Health: -3/88      AC: 13    Str: 15 (16) XL:     10   Next: 79%
Magic:  0/21       EV:  2    Int: 13 (14) God:    Okawaru [***...]
Gold:   508        SH:  0    Dex:  8 (10) Spells: 12/12 levels left

rFire    . . .     SeeInvis .   b - +6 dire flail "Hell-Harrower" {vorpal, +Fly}
rCold    . . .     Gourm    .   (shield currently unavailable)
rNeg     . . .     Faith    .   K - +0 plate armour
rPois    .         Spirit   +   k - +2 helmet
rElec    .         Reflect  .   s - scarf {Spirit}
rCorr    +         Harm     .   (no gloves)
MR       .....                  (no barding)
Stlth    ..........             g - amulet of the acrobat
HPRegen  0.24/turn              x - ring of magical power {MP+9}
MPRegen  0.17/turn              C - ring of resist corrosion

@: very quick
A: large, hooves 3, yellow scales 1, clever 1, deformed body, speed 2, tough
skin 3
a: Heroism, Renounce Religion, Evoke Flight


You were on level 10 of the Dungeon.
You worshipped Okawaru.
Okawaru was most pleased with you.
You were very hungry.

You visited 2 branches of the dungeon, and saw 11 of its levels.

You collected 508 gold pieces.

Inventory:

Hand Weapons
 a - a +0 shortbow
 b - the +6 dire flail "Hell-Harrower" (weapon) {vorpal, +Fly}
   (You found it on level 6 of the Dungeon)

   It inflicts extra damage upon your enemies.
   It lets you fly.
 F - a +1 short sword of venom
 I - a +0 hunting sling
 J - a +2 halberd of flaming
Missiles
 f - 5 boomerangs of dispersal {=f}
 h - 19 poisoned darts
 l - a throwing net (quivered) {=f}
 n - 61 bolts
 v - 82 stones
 w - 6 boomerangs
 y - 19 sling bullets
 Q - 40 arrows
Armour
 k - a +2 helmet (worn)
 s - a scarf of spirit shield (worn)
 K - a +0 plate armour (worn)
Jewellery
 g - an amulet of the acrobat (around neck)
 x - a ring of magical power (left hand) {MP+9}
 C - a ring of resist corrosion (right hand)
Wands
 D - a wand of digging (4)
 G - a wand of polymorph (11)
Scrolls
 c - a scroll of magic mapping {!r}
 i - 5 scrolls of identify
 j - 3 scrolls of remove curse
 q - a scroll of random uselessness {unknown}
 t - a scroll of teleportation
 u - 2 scrolls of fear {unknown}
 B - a scroll of fog {unknown}
 H - a scroll of enchant weapon {unknown}
Potions
 p - a potion of haste {unknown}
 r - a potion of brilliance {unknown}
 z - 2 potions of degeneration {!q}
 E - a potion of mutation {!q}
Comestibles
 e - 19 rations


   Skills:
 - Level 8.2 Fighting
 - Level 1.7 Polearms
 - Level 9.3 Slings
 + Level 13.5 Bows
 - Level 1.1(5.9) Throwing
 - Level 0.6 Armour
 - Level 1.3 Dodging
   Level 2.2 Shields
 - Level 1.5 Spellcasting
   Level 2.6 Translocations
 - Level 3.1 Invocations


You had 12 spell levels left.
You didn't know any spells.
Your spell library contained the following spells:

 Spells                   Type           Power        Failure   Level  Hunger
 Foxfire                  Conj/Fire      #...         100%        1    ##.....
 Summon Small Mammal      Summ           #...         100%        1    ##.....
 Blink                    Tloc           N/A          100%        2    ###....
 Call Imp                 Summ           #.......     100%        2    ###....
 Shroud of Golubria       Chrm/Tloc      #.....       100%        2    ###....
 Call Canine Familiar     Summ           #.......     100%        3    ####...
 Gell's Gravitas          Tloc           #.........   100%        3    ####...
 Lesser Beckoning         Tloc           #.........   100%        3    ####...
 Ozocubu's Armour         Chrm/Ice       #.......     100%        3    ####...
 Summon Guardian Golem    Hex/Summ       #.......     100%        3    ####...
 Teleport Other           Tloc           #.......     100%        3    ####...
 Passage of Golubria      Tloc           N/A          100%        4    #####..
 Summon Ice Beast         Ice/Summ       #.......     100%        4    #####..
 Summon Lightning Spire   Summ/Air       #.......     100%        4    #####..
 Starburst                Conj/Fire      #.........   100%        6    #######


Dungeon Overview and Level Annotations

Branches:
Dungeon (10/15)            Temple (1/1) D:5            Lair (0/6) D:9
    Orc: D:9-12

Altars:
Ashenzari
Cheibriados
Dithmenos
Elyvilon
Fedhas
Gozag
Hepliaklqana
Kikubaaqudgha
Makhleb
Nemelex Xobeh
Okawaru
Qazlal
Ru
Sif Muna
Trog
Uskayaw
Vehumet
Wu Jian
Xom
Yredelemnul
Zin
The Shining One

Annotations:
D:5 2 transporters, exclusion: downstairs, bmj180's ghost, novice DrCj
D:6 exclusion: downstairs


Innate Abilities, Weirdness & Mutations

You have hooves in place of feet.
Armour fits poorly on your strangely shaped body.
You cover ground very quickly.
You have extremely tough skin. (AC +3)
You are partially covered in yellow scales. (AC +2)
Your mind is acute. (Int +2)


Message History

The black bear claws you but does no damage.
The black bear bites you.
* * * LOW HITPOINT WARNING * * *
The black bear claws you.
* * * LOW HITPOINT WARNING * * *
The black bear claws you but does no damage.
You take 14 damage, and have 4/88 hp.
You now have 2/21 mp.
Unknown command.
Okay, then.
Okay, then.
Unknown command.
Quiver which item? (- for none, * to show all) (? for menu, Esc to quit)
Quivering
l - 2 throwing nets {=f} for throwing.
Throwing (i - inventory. (/) - cycle)
l - 2 throwing nets (quivered)
{=f}
Aim: a black bear (almost dead, berserk, fast, unusually strong)
You throw a throwing net {=f}.
The throwing net {=f} barely misses the black bear.
The black bear bites you!
* * * LOW MAGIC WARNING * * *
You die...

..#..#'###.#...#.≈.≈≈............
..#..#...#.#####..≈≈....?...###+#
..#..#...#.......>≈.....)...#
###..#...#....###...........###
.....#...#...c#...#...........#
.....#...#....#...+...........#
###..#####....#...#...........#
.>#.....(.....#####...........#
..#...h..(.(...h@.............###
..#........(########'............
..#..######## #≈....#.....###....
###..# #≈....#.....# #.... .....#
#≈....####..# ###.. ##...# #≈≈≈≈≈
#..# #.. ...h# +##### #..# #..
.#..... # #.. .#...#... #..

Skill      XL: |  1  2  3  4  5  6  7  8  9 10 |
---------------+-------------------------------+-----
Fighting       | 3 4 5 6 7 8 |  8.2
Shields        | 2 |  2.2
Slings         | 3 8 9 |  9.3
Invocations    | 3 |  3.1
Bows           | 9 13 | 13.5
Polearms       | |  1.7
Throwing       | |  1.1
Armour         | |  0.6
Dodging        | |  1.3
Spellcasting   | |  1.5
Translocations | |  2.6

Notes
Turn   | Place    | Note
-------+----------+-------------------------------------------
     0 | D:1      | hittemvvvvhard the Centaur Warper began the quest for the
                  | Orb.
     0 | D:1      | Reached XP level 1. HP: 17/17 MP: 3/3
   317 | D:1      | Reached XP level 2. HP: 15/25 MP: 4/4
   494 | D:1      | Reached skill level 3 in Fighting
   678 | D:1      | Reached XP level 3. HP: 26/31 MP: 5/5
  1297 | D:2      | Reached skill level 4 in Fighting
  2244 | D:2      | Reached XP level 4. HP: 41/41 MP: 6/6
  2767 | D:3      | Reached skill level 5 in Fighting
  3799 | D:4      | Noticed an ogre
  3807 | D:4      | Reached XP level 5. HP: 36/48 MP: 7/7
  4026 | D:4      | Noticed an ogre
  4131 | D:3      | Killed an ogre
  4131 | D:3      | Reached skill level 6 in Fighting
  4455 | D:4      | Reached XP level 6. HP: 58/58 MP: 8/8
  4995 | D:4      | Reached skill level 7 in Fighting
  5387 | D:4      | Found a hazy altar of Hepliaklqana.
  5447 | D:4      | Reached XP level 7. HP: 66/67 MP: 9/9
  5605 | D:5      | Entered Level 5 of the Dungeon
  5705 | D:4      | Reached skill level 8 in Fighting
  6141 | D:4      | Reached skill level 1 in Shields
  6267 | D:5      | Reached skill level 2 in Shields
  6287 | D:5      | Found a staircase to the Ecumenical Temple.
  6328 | Temple   | Entered the Ecumenical Temple
  6652 | Temple   | Reached skill level 1 in Slings
  6841 | Temple   | Reached skill level 2 in Slings
  7111 | Temple   | Reached skill level 3 in Slings
  7111 | Temple   | Reached XP level 8. HP: 74/74 MP: 10/10
  7267 | D:5      | Reached skill level 4 in Slings
  7477 | D:5      | Found a transporter.
  7481 | D:5      | Noticed bmj180's ghost (novice DrCj)
  7632 | D:5      | Reached skill level 5 in Slings
  7748 | D:5      | Found a transporter.
  7772 | D:5      | Found a basalt altar of Yredelemnul.
  7781 | D:5      | Found a glowing golden altar of the Shining One.
  7812 | D:5      | Found a radiant altar of Vehumet.
  7812 | D:5      | Found a sacrificial altar of Ru.
  7813 | D:5      | Found an iron altar of Okawaru.
  7825 | D:5      | Found an opulent altar of Gozag.
  7830 | D:5      | Became a worshipper of Warmaster Okawaru
  8127 | D:5      | Noticed an angel
  8233 | D:6      | Reached skill level 6 in Slings
  8580 | D:6      | Found a sparkling altar of Nemelex Xobeh.
  8899 | D:6      | Noticed Eustachio
  9006 | D:5      | Killed Eustachio
  9006 | D:5      | Reached skill level 7 in Slings
  9224 | D:6      | You fall into a shaft and drop 1 floor!
  9416 | D:6      | Reached skill level 8 in Slings
  9550 | D:6      | Noticed Menkaure
  9735 | D:6      | Found a blossoming altar of Fedhas.
 10205 | D:6      | Found a stormy altar of Qazlal.
 10236 | D:7      | Noticed a hippogriff
 10269 | D:6      | Killed a hippogriff
 10269 | D:6      | Reached * piety under Okawaru
 10269 | D:6      | Reached XP level 9. HP: 34/81 MP: 11/11
 10567 | D:6      | Reached skill level 1 in Invocations
 10640 | D:6      | Reached skill level 2 in Invocations
 10779 | D:6      | Reached skill level 3 in Invocations
 10808 | D:6      | Reached skill level 9 in Slings
 10944 | D:6      | Got a jewelled dire flail
 10950 | D:6      | Identified the +6 dire flail "Hell-Harrower" {vorpal, +Fly}
                  | (You found it on level 6 of the Dungeon)
 11367 | D:6      | Found a sparkling altar of Nemelex Xobeh.
 11463 | D:6      | Killed Menkaure
 11463 | D:6      | Reached skill level 2 in Bows
 11805 | D:6      | Found a blossoming altar of Fedhas.
 11807 | D:6      | Found a stormy altar of Qazlal.
 12248 | D:7      | Found a runed translucent door.
 12266 | D:7      | Noticed Prince Ribbit
 12266 | D:7      | Noticed Harold
 12271 | D:7      | Found a runed translucent door.
 12510 | D:6      | Killed Harold
 12510 | D:6      | Reached skill level 7 in Bows
 13194 | D:6      | Killed Prince Ribbit
 13194 | D:6      | Reached skill level 8 in Bows
 13805 | D:6      | Reached ** piety under Okawaru
 14302 | D:7      | Found a shadowy altar of Dithmenos.
 14643 | D:7      | Reached skill level 9 in Bows
 14861 | D:7      | Reached XP level 10. HP: 41/88 MP: 12/12
 15648 | D:8      | Found a bloodstained altar of Trog.
 15926 | D:8      | Identified Kympeoz's Collected Works on the Snowflakes and
                  | the Arsonist
 16199 | D:8      | Noticed Pikel
 16321 | D:7      | Killed Pikel
 16321 | D:7      | Reached skill level 10 in Bows
 16643 | D:9      | Reached skill level 11 in Bows
 16940 | D:9      | Reached *** piety under Okawaru
 17212 | D:9      | Found a staircase to the Lair.
 17307 | D:9      | Found a shimmering altar of Xom.
 17609 | D:10     | Entered Level 10 of the Dungeon
 17671 | D:9      | Reached skill level 12 in Bows
 18394 | D:10     | Paralysed by a hornet for 1 turns
 18400 | D:10     | Paralysed by a hornet for 2 turns
 18406 | D:10     | Paralysed by a hornet for 3 turns
 18424 | D:10     | HP: 13/88 [ice beast (10)]
 18430 | D:10     | HP: 10/88 [poisoned by a hornet]
 18436 | D:10     | HP: 8/88 [poisoned by a hornet]
 18441 | D:9      | HP: 8/88 [poisoned by a hornet]
 18448 | D:9      | HP: 6/88 [poisoned by a hornet]
 18456 | D:9      | HP: 6/88 [poisoned by a hornet]
 18826 | D:9      | Reached skill level 13 in Bows
 19163 | D:10     | Gained mutation: You are partially covered in yellow
                  | scales. (AC +2) [potion of mutation]
 19163 | D:10     | Gained mutation: Your mind is acute. (Int +2) [potion of
                  | mutation]
 19167 | D:10     | HP: 21/88 [black bear (3)]
 19169 | D:10     | HP: 9/88 [black bear (5)]
 19169 | D:10     | HP: 4/88 [black bear (1)]
 19170 | D:10     | Slain by a black bear

Table legend:
 A = Turns spent in this place as a percentage of turns spent in the entire game.
 B = Non-inter-level travel turns spent in this place as a percentage of non-inter-level travel turns spent in the entire game.
 C = Inter-level travel turns spent in this place as a percentage of turns spent in this place.
 D = Turns resting spent in this place as a percentage of non-inter-level travel turns spent in this place.
 E = Turns spent auto-exploring this place as a percentage of non-inter-level travel turns spent in this place.
 F = Non-inter-level travel turns spent in this place divided by the number of levels of this place that you've seen.
                   A       B       C       D       E      F
               +-------+-------+-------+-------+-------+----------------------
         Total | 100.0 | 100.0 |   4.5 |  10.6 |  67.5 | 1664.0
       Dungeon |  96.1 |  96.1 |   4.5 |  10.1 |  68.0 | 1758.2
        Temple |   3.9 |   3.9 |   4.2 |  23.1 |  54.3 | 722.0
               +-------+-------+-------+-------+-------+----------------------

Table legend:
 A = Kills in this place as a percentage of kills in entire the game.
 B = Kills by you in this place as a percentage of kills by you in the entire game.
 C = Kills by friends in this place as a percentage of kills by friends in the entire game.
 D = Other kills in this place as a percentage of other kills in the entire game.
 E = Experience gained in this place as a percentage of experience gained in the entire game.
 F = Experience gained in this place divided by the number of levels of this place that you have seen.
                   A       B       C       D       E      F
               +-------+-------+-------+-------+-------+----------------------
         Total | 100.0 | 100.0 |   N/A |   N/A | 100.0 | 896.2
       Dungeon |  97.7 |  97.7 |   N/A |   N/A |  97.8 | 964.1
        Temple |   2.3 |   2.3 |   N/A |   N/A |   2.2 | 217.0
               +-------+-------+-------+-------+-------+----------------------

Action                   |  1- 3 |  4- 6 |  7- 9 | 10-12 || total
-------------------------+-------+-------+-------+-------++-------
Melee: Spear             |   153 |   134 |       |       ||   287
       Kick              |    10 |    22 |    26 |     5 ||    63
       Short sword       |       |    18 |   111 |     2 ||   131
       Dire flail        |       |       |       |    44 ||    44
 Fire: Hunting sling     |       |       |   402 |       ||   402
       Shortbow          |       |       |   211 |   420 ||   631
Throw: Stone             |    22 |    29 |       |       ||    51
       Dart              |       |    29 |    30 |     1 ||    60
       Boomerang         |       |    20 |     6 |       ||    26
       Throwing net      |       |       |       |     1 ||     1
Invok: Heroism           |       |       |       |     3 ||     3
Evoke: Wand              |       |       |     2 |     2 ||     4
  Use: Scroll            |       |     3 |     4 |     5 ||    12
       Potion            |       |       |       |    10 ||    10
  Eat: Chunk             |     3 |     9 |    14 |    10 ||    36
       Ration            |       |       |     3 |       ||     3
Armor: Leather armour    |    40 |     8 |       |       ||    48
       Ring mail         |       |    34 |   116 |       ||   150
       Plate armour      |       |       |    18 |   165 ||   183
Dodge: Dodged            |    44 |     8 |    79 |    38 ||   169
Block: Large shield      |    47 |    48 |   231 |       ||   326

Vanquished Creatures
  Harold (D:6)
  Pikel (D:7)
  Prince Ribbit (D:6)
  2 hippogriffs
  A wraith (D:10)
  Eustachio (D:5)
  A wyvern (D:9)
  3 vampire mosquitoes (D:9)
  Menkaure (D:6)
  A soldier ant (D:7)
  2 ice beasts
  2 orc warriors
  A sky beast (D:9)
  3 phantoms
  10 ogres
  4 centaurs
  2 bullfrogs
  A wyvern skeleton (D:10)
  4 scorpions
  A water moccasin skeleton (D:8)
  6 killer bees (D:10)
  5 wights
  A crimson imp (D:9)
  2 bullfrog zombies (D:5)
  A centaur zombie (D:5)
  2 hounds
  5 jellies
  5 orc priests
  A bullfrog skeleton (D:6)
  A centaur skeleton (D:4)
  3 iguanas
  10 orc wizards
  7 worker ants
  2 hound zombies
  A hound skeleton (D:9)
  A worker ant zombie (D:5)
  7 gnolls
  10 adders
  6 oozes
  An adder skeleton (D:5)
  2 dart slugs (D:1)
  3 leopard geckos
  35 orcs
  6 bats
  5 giant cockroaches
  4 goblins
  6 hobgoblins
  9 jackals
  3 quokkas
  A ball python (D:1)
  4 frilled lizards
  2 giant cockroach zombies (D:6)
  9 kobolds
  4 rats
213 creatures vanquished. You could see a black bear (berserk).

Levels and vault maps discovered:
D:1:      evilmike_arrival_home_sweet_home, layout_rooms
D:2:      layout_basic, chequers_mini_garden
D:3:      layout_basic, feat_on_display
D:4:      layout_loops_ring, kennysheep_mini, first_ration
D:5:      layout_cave_pools, grunt_temple_overflow_holy_war,
          nicolae_overflow_quartered_altars, minmay_temple_entry_proselytizer,
          gammafunk_ghost_mausoleum, serial_undead, serial_undead_b,
          serial_undead_c, serial_undead_c, serial_undead_e, minivault_26
D:6:      minmay_octagon_keep, layout_loops_corners,
          grunt_temple_overflow_forces_of_nature, kennysheep_mini_moat,
          uniq_eustachio, uniq_menkaure
D:7:      lemuel_insect_pit, layout_rooms, nicolae_dithmenos_the_darkroom,
          uniq_prince_ribbit1, uniq_harold
D:8:      layout_loops_ring, lemuel_coloured_pillars_altar, uniq_pikel
D:9:      layout_cave_pools, dpeg_oklobed_lair, hangedman_little_slice_of_home,
          kennysheep_flooded_box
D:10:     layout_irregular_city, serial_rivers, chequers_serial_rivers_room_a,
          chequers_serial_rivers_micro_d, chequers_serial_rivers_marsh,
          chequers_serial_rivers_small_b, minmay_statues_item
Temple:   zaba_magenta_temple
